[Event "FIDE WYCC Top Boards Girls 2023"]
[Site "Montesilvano"]
[Date "2023.11.17"]
[Round "5.8"]
[White "Allahverdiyeva, Ayan"]
[Black "Wu, Rochelle"]
[Result "1/2-1/2"]
[ECO "C07"]
[WhiteElo "2152"]
[BlackElo "2228"]
[Annotator "ChessBase"]
[PlyCount "75"]
[EventDate "2023.11.13"]
[EventType "swiss"]
[EventCountry "ITA"]
[SourceTitle "playchess.com"]
[Source "ChessBase"]
[SourceQuality "1"]
[TimeControl "40/5400+30:1800+30"]

1. e4 e6 2. d4 d5 3. Nd2 c5 4. exd5 Qxd5 5. Ngf3 cxd4 6. Bc4 Qd8 7. O-O Nc6 8. Nb3 a6 9. a4 Nf6 10. h3 Bd7 11. Nbxd4 Bc5 12. Nb3 Be7 13. a5 O-O 14. Be3 Rc8 15. Bb6 Qe8 16. c3 Nb4 17. Nbd2 Nbd5 18. Bd4 Bc5 19. Bxd5 Nxd5 20. Bxc5 Rxc5 21. Ne4 Rc7 22. c4 Ne7 23. Nd6 Qb8 24. Ne5 f6 25. Nxd7 Rxd7 26. c5 Nc8 27. Qb3 Nxd6 28. Qxe6+ Rdf7 29. cxd6 Re8 30. Qd5 Re5 31. Qd4 Rd7 32. Rfd1 Re6 33. Qc4 Kf7 34. Re1 Rdxd6 35. Rxe6 Rxe6 36. Re1 Qd6 37. Qb3 b5 38. axb6 1/2-1/2

[Event "FIDE WYCC Top Boards Girls 2023"]
[Site "Montesilvano"]
[Date "2023.11.17"]
[Round "5.9"]
[White "Shvedova, Alexandra"]
[Black "Shohradova, Leyla"]
[Result "*"]
[ECO "A57"]
[WhiteElo "2170"]
[BlackElo "1782"]
[Annotator "ChessBase"]
[PlyCount "81"]
[EventDate "2023.11.13"]
[EventType "swiss"]
[EventCountry "ITA"]
[SourceTitle "playchess.com"]
[Source "ChessBase"]
[SourceQuality "1"]
[TimeControl "40/5400+30:1800+30"]

1. d4 Nf6 2. c4 c5 3. d5 b5 4. cxb5 a6 5. e3 d6 6. Nc3 g6 7. Nf3 Bg7 8. a4 O-O 9. e4 Bd7 10. Bd2 e6 11. dxe6 Bxe6 12. Be2 axb5 13. Bxb5 Na6 14. O-O Nb4 15. Ra3 Qe7 16. Re1 Qb7 17. Bf4 d5 18. exd5 Nfxd5 19. Nxd5 Bxd5 20. Be5 Bh6 21. Qe2 Bc6 22. Qc4 Rfc8 23. Qh4 Bg7 24. Ng5 h5 25. Bc4 Bd5 26. Rf3 Rf8 27. Bd6 Bxf3 28. gxf3 Qd7 29. Bxf8 Rxf8 30. Kg2 Nd5 31. Qe4 Rd8 32. a5 Bf6 33. Nxf7 Qxf7 34. Rd1 Bd4 35. a6 Kg7 36. a7 Nf4+ 37. Kh1 Qxc4 38. Qe7+ Kh6 39. Qxd8 Qe2 40. Qf8+ Kh7 41. Qf7+ *

[Event "FIDE WYCC Top Boards Girls 2023"]
[Site "Montesilvano"]
[Date "2023.11.17"]
[Round "5.10"]
[White "Wang, Chuqiao"]
[Black "Kaldarova, Ayaulym"]
[Result "1-0"]
[ECO "A40"]
[WhiteElo "2215"]
[BlackElo "2005"]
[Annotator "ChessBase"]
[PlyCount "77"]
[EventDate "2023.11.13"]
[EventType "swiss"]
[EventCountry "ITA"]
[SourceTitle "playchess.com"]
[Source "ChessBase"]
[SourceQuality "1"]
[TimeControl "40/5400+30:1800+30"]

1. d4 e6 2. c4 b6 3. Nc3 Bb7 4. e4 Bb4 5. Bd3 f5 6. d5 fxe4 7. Bxe4 Nf6 8. Bf3 exd5 9. cxd5 O-O 10. Nge2 c6 11. d6 Bxc3+ 12. bxc3 Qc8 13. Ng3 Re8+ 14. Be3 c5 15. Nf5 Bxf3 16. Qxf3 Nc6 17. Qg3 g6 18. O-O Nh5 19. Qg4 Ne5 20. Qg5 Qb7 21. Ne7+ Rxe7 22. Qxe7 Nf7 23. Rfe1 Ng7 24. Bf4 Rf8 25. Qe4 Qa6 26. Qd5 Ne6 27. Bg3 Qa3 28. Qb3 Qa6 29. a4 Qb7 30. Qb5 a6 31. Qd3 Qc6 32. Qxa6 Nxd6 33. a5 Nf5 34. Qxb6 Qa8 35. a6 Nxg3 36. hxg3 Qd5 37. a7 Qd2 38. a8=Q Qxf2+ 39. Kh2 1-0

[Event "FIDE WYCC Top Boards Girls 2023"]
[Site "Montesilvano"]
[Date "2023.11.17"]
[Round "5.11"]
[White "Nurgaliyeva, Zarina"]
[Black "Mou, Iris"]
[Result "1/2-1/2"]
[ECO "B13"]
[WhiteElo "2104"]
[BlackElo "2086"]
[Annotator "NA"]
[PlyCount "81"]
[EventDate "2023.11.13"]
[EventType "swiss"]
[EventCountry "ITA"]
[SourceTitle "playchess.com"]
[Source "ChessBase"]
[SourceQuality "1"]
[TimeControl "40/5400+30:1800+30"]

1. e4 c6 2. d4 d5 3. exd5 cxd5 4. Bd3 Nf6 5. h3 Nc6 6. c3 g6 7. Qc2 e5 8. dxe5 Nxe5 9. Qe2 Qe7 10. Bb5+ Bd7 11. Be3 Bg7 12. Bxd7+ Nfxd7 13. Nd2 O-O 14. Ngf3 b5 15. O-O Nxf3+ 16. Qxf3 Nf6 17. Bd4 a5 18. Rad1 b4 19. Rfe1 Qd6 20. Nb3 Rfc8 21. Nc1 bxc3 22. Bxc3 Rd8 23. Nd3 a4 24. Bb4 Qb6 25. Bc5 Qa6 26. Be7 Re8 27. Nb4 Qb7 28. Bxf6 Rxe1+ 29. Rxe1 Qxb4 30. Rd1 Bxf6 31. Qxf6 Qc4 32. a3 Re8 33. h4 h5 34. g3 Qb3 35. Rc1 Rb8 36. Rc7 Rf8 37. Rd7 Qb5 38. Re7 Qc4 39. Rd7 Qb5 40. Re7 Qc4 41. Rd7 1/2-1/2

[Event "FIDE WYCC Top Boards Girls 2023"]
[Site "Montesilvano"]
[Date "2023.11.17"]
[Round "5.12"]
[White "Kaliakhmet, Elnaz"]
[Black "Natoli, Alessia"]
[Result "1-0"]
[ECO "D28"]
[WhiteElo "1933"]
[BlackElo "1756"]
[Annotator "NA"]
[PlyCount "85"]
[EventDate "2023.11.13"]
[EventType "swiss"]
[EventCountry "ITA"]
[SourceTitle "playchess.com"]
[Source "ChessBase"]
[SourceQuality "1"]
[TimeControl "40/5400+30:1800+30"]

1. d4 d5 2. c4 dxc4 3. Nf3 Nf6 4. e3 e6 5. Bxc4 c5 6. O-O a6 7. Qe2 b5 8. Bd3 Bb7 9. dxc5 Nc6 10. Rd1 Qc7 11. a3 Bxc5 12. b4 Be7 13. Bb2 O-O 14. Nbd2 Rad8 15. Rac1 Qb8 16. Nb3 e5 17. Bb1 Rfe8 18. Nc5 Bxc5 19. Rxc5 e4 20. Rxd8 Rxd8 21. Ne5 Qd6 22. Nxc6 Bxc6 23. Bd4 Nd7 24. Qg4 g6 25. Rc1 Re8 26. Ba2 Bd5 27. Bxd5 Qxd5 28. h3 Nf8 29. Rc5 Qe6 30. Qf4 Nd7 31. Rc7 f6 32. Rc1 Ne5 33. Qxe4 Nc4 34. Qf4 Rf8 35. a4 bxa4 36. Bc5 Ne5 37. Bxf8 Kxf8 38. Qd4 a3 39. Ra1 Qb3 40. Qd6+ Kg7 41. Qe7+ Kh6 42. Qxf6 Nc4 43. Qf8+ 1-0

[Event "FIDE WYCC Top Boards Girls 2023"]
[Site "Montesilvano"]
[Date "2023.11.18"]
[Round "6.7"]
[White "Hrebenshchykova, Yelyzaveta"]
[Black "Wikar, Martyna"]
[Result "1/2-1/2"]
[ECO "A14"]
[WhiteElo "2292"]
[BlackElo "2228"]
[Annotator "RC"]
[PlyCount "120"]
[EventDate "2023.11.13"]
[EventType "swiss"]
[EventCountry "ITA"]
[SourceTitle "playchess.com"]
[Source "ChessBase"]
[SourceQuality "1"]
[TimeControl "40/5400+30:1800+30"]

1. Nf3 Nf6 2. c4 e6 3. g3 d5 4. Bg2 Be7 5. O-O O-O 6. b3 c5 7. e3 Nc6 8. Bb2 Qc7 9. Nc3 Rd8 10. cxd5 exd5 11. d4 b6 12. Rc1 Ba6 13. Re1 Rac8 14. Bh3 Rb8 15. a4 Qb7 16. Nb5 Nb4 17. Ba3 Bxb5 18. axb5 Bd6 19. dxc5 Bxc5 20. Nd4 a5 21. Bxb4 Bxb4 22. Re2 Ra8 23. Nc6 Re8 24. Nxb4 axb4 25. Rec2 Qe7 26. Qd4 Rab8 27. Rc7 Qe4 28. Qd2 h5 29. Bg2 Qf5 30. Qxb4 Ne4 31. R7c2 h4 32. f3 Nc5 33. Qf4 Qxf4 34. exf4 hxg3 35. hxg3 Nxb3 36. Rd1 Red8 37. Rb2 Nc5 38. Rbd2 Kf8 39. Rxd5 Rxd5 40. Rxd5 Ke7 41. Kf2 Ra8 42. Rd2 Ra4 43. Bf1 g6 44. Rc2 Rb4 45. Ra2 Ke6 46. Be2 Na4 47. Rc2 Nc5 48. Ke3 Kd5 49. Rd2+ Ke6 50. g4 Ke7 51. Rd4 Rxd4 52. Kxd4 Ne6+ 53. Ke4 f6 54. Bc4 Nc7 55. f5 g5 56. f4 gxf4 57. Kxf4 Ne8 58. Bd5 Nd6 59. Bc6 Nf7 60. Bd5 Nd6 1/2-1/2

[Event "FIDE WYCC Top Boards Girls 2023"]
[Site "Montesilvano"]
[Date "2023.11.18"]
[Round "6.8"]
[White "Wu, Rochelle"]
[Black "Balabayeva, Xeniya"]
[Result "1/2-1/2"]
[ECO "D36"]
[WhiteElo "2228"]
[BlackElo "2192"]
[Annotator "RC"]
[PlyCount "112"]
[EventDate "2023.11.13"]
[EventType "swiss"]
[EventCountry "ITA"]
[SourceTitle "playchess.com"]
[Source "ChessBase"]
[SourceQuality "1"]
[TimeControl "40/5400+30:1800+30"]

1. d4 d5 2. c4 e6 3. Nc3 Nf6 4. cxd5 exd5 5. Bg5 c6 6. e3 h6 7. Bh4 Be7 8. Bd3 O-O 9. Nge2 Re8 10. Qc2 Nbd7 11. O-O Nh5 12. Bxe7 Qxe7 13. Rae1 Ndf6 14. Nc1 g6 15. f3 Ng7 16. Qd2 Qd6 17. Bb1 Rd8 18. Rd1 Ne6 19. Nd3 b6 20. Ne5 Ba6 21. Rf2 Ng7 22. e4 h5 23. Nxf7 Kxf7 24. e5 Qe6 25. exf6 Qxf6 26. Ne4 dxe4 27. fxe4 Nf5 28. exf5 g5 29. Qc3 Rd6 30. Rfd2 Rad8 31. Qb4 Bc8 32. Bc2 Kg7 33. Qa3 R8d7 34. h3 h4 35. Kh1 Re7 36. Qf3 c5 37. Qg4 cxd4 38. g3 Bb7+ 39. Kg1 hxg3 40. h4 Kh6 41. Qxg3 gxh4 42. Qf4+ Qg5+ 43. Qxg5+ Kxg5 44. Kh2 Ba6 45. Rg2+ Kh6 46. f6 Re2 47. f7 Rxg2+ 48. Kxg2 Kg7 49. Bb3 Bb7+ 50. Kh3 Bd5 51. Bxd5 Rxd5 52. Rf1 Kf8 53. Kxh4 Rd7 54. Kg4 Rc7 55. Rd1 Rd7 56. Rf1 Rxf7 1/2-1/2

[Event "FIDE WYCC Top Boards Girls 2023"]
[Site "Montesilvano"]
[Date "2023.11.18"]
[Round "6.9"]
[White "Wang, Chuqiao"]
[Black "Shvedova, Alexandra"]
[Result "1-0"]
[ECO "D38"]
[WhiteElo "2215"]
[BlackElo "2170"]
[Annotator "RC"]
[PlyCount "99"]
[EventDate "2023.11.13"]
[EventType "swiss"]
[EventCountry "ITA"]
[SourceTitle "playchess.com"]
[Source "ChessBase"]
[SourceQuality "1"]
[TimeControl "40/5400+30:1800+30"]

1. d4 Nf6 2. c4 e6 3. Nf3 d5 4. Nc3 Bb4 5. Bg5 h6 6. Bxf6 Qxf6 7. Qb3 c5 8. cxd5 exd5 9. dxc5 Bxc3+ 10. Qxc3 Qxc3+ 11. bxc3 Na6 12. c6 bxc6 13. e3 Rb8 14. c4 Rb2 15. cxd5 Nb4 16. Nd4 Nxd5 17. Nxc6 Nc3 18. Nd4 Bb7 19. Bc4 Bxg2 20. Rg1 Bd5 21. Bxd5 Nxd5 22. Rxg7 Ke7 23. Rg4 Rc8 24. a3 Kf6 25. Rh4 Kg6 26. Rh3 Nf6 27. Rg3+ Kh7 28. Rf3 Kg6 29. Rf4 Rc5 30. Kf1 Rh5 31. Rc1 Nd5 32. Rc6+ f6 33. Rg4+ Kf7 34. e4 Ne7 35. Rc7 Rxh2 36. Rf4 Ke8 37. Rxf6 Rb1+ 38. Ke2 Rb2+ 39. Ke3 Rh3+ 40. f3 Rb6 41. Rxb6 axb6 42. Rb7 Nc8 43. Nf5 Rh1 44. e5 Kd8 45. Ke4 Re1+ 46. Kd5 Rf1 47. Ke6 Rxf3 48. Rd7+ Ke8 49. Ng7+ Kf8 50. Nh5 1-0

[Event "FIDE WYCC Top Boards Girls 2023"]
[Site "Montesilvano"]
[Date "2023.11.18"]
[Round "6.10"]
[White "Shubhi Gupta"]
[Black "Nurmanova, Alua"]
[Result "*"]
[ECO "E94"]
[WhiteElo "1940"]
[BlackElo "2367"]
[Annotator "ChessBase"]
[PlyCount "58"]
[EventDate "2023.11.13"]
[EventType "swiss"]
[EventCountry "ITA"]
[SourceTitle "playchess.com"]
[Source "ChessBase"]
[SourceQuality "1"]
[TimeControl "40/5400+30:1800+30"]

1. d4 Nf6 2. c4 g6 3. Nc3 Bg7 4. Nf3 d6 5. e4 O-O 6. Be2 Nbd7 7. O-O e5 8. Be3 Ng4 9. Bg5 f6 10. Bc1 Nh6 11. Qc2 c6 12. Rd1 Qe7 13. b3 exd4 14. Nxd4 a5 15. Bb2 Nc5 16. Bf3 f5 17. Qe2 f4 18. Rd2 Be5 19. Na4 Nxa4 20. bxa4 Nf7 21. Rad1 Bd7 22. Ba3 Rad8 23. Nb3 c5 24. Nxa5 Bxa4 25. Nb3 Rb8 26. Rc1 b5 27. cxb5 Bxb5 28. Qd1 Qa7 29. Bb2 c4 *

[Event "FIDE WYCC Top Boards Girls 2023"]
[Site "Montesilvano"]
[Date "2023.11.18"]
[Round "6.11"]
[White "Shukhman, Anna"]
[Black "Piddubna, Bozhena"]
[Result "1-0"]
[ECO "C96"]
[WhiteElo "2263"]
[BlackElo "2081"]
[Annotator "RC"]
[PlyCount "117"]
[EventDate "2023.11.13"]
[EventType "swiss"]
[EventCountry "ITA"]
[SourceTitle "playchess.com"]
[Source "ChessBase"]
[SourceQuality "1"]
[TimeControl "40/5400+30:1800+30"]

1. e4 e5 2. Nf3 Nc6 3. Bb5 a6 4. Ba4 Nf6 5. O-O Be7 6. Re1 b5 7. Bb3 d6 8. c3 O-O 9. h3 Na5 10. Bc2 d5 11. d4 dxe4 12. Nxe5 c5 13. dxc5 Bxc5 14. Qxd8 Rxd8 15. b4 Bd6 16. f4 Nc4 17. Nxc4 bxc4 18. Nd2 Bxf4 19. Nxe4 Be5 20. Bg5 Bb7 21. Nc5 Bxc3 22. Nxb7 Bxa1 23. Rxa1 Rdb8 24. Bxf6 gxf6 25. Be4 Ra7 26. Na5 Rc7 27. a3 c3 28. Rc1 Re8 29. Bc2 Rd8 30. Nb3 Re7 31. Nc5 Re3 32. Kf2 Re7 33. Bd3 a5 34. Rxc3 axb4 35. axb4 Rc7 36. Be4 Rd4 37. Rb3 Rxc5 38. bxc5 Rxe4 39. Rc3 Re8 40. c6 Kf8 41. Kf3 Rc8 42. Ke4 Ke7 43. g4 h6 44. Kf5 Rc7 45. h4 Kd6 46. Kxf6 Kd5 47. h5 Ke4 48. g5 hxg5 49. h6 g4 50. h7 Rc8 51. c7 Kf4 52. Kg7 g3 53. h8=Q Rxh8 54. Kxh8 g2 55. Rc1 f5 56. c8=Q Kg4 57. Rg1 Kh4 58. Rxg2 f4 59. Qg4# 1-0

[Event "FIDE WYCC Top Boards Girls 2023"]
[Site "Montesilvano"]
[Date "2023.11.18"]
[Round "6.12"]
[White "Kirtadze, Anastasia"]
[Black "Nurgaliyeva, Zarina"]
[Result "1-0"]
[ECO "C93"]
[WhiteElo "1921"]
[BlackElo "2104"]
[Annotator "NA"]
[PlyCount "93"]
[EventDate "2023.11.13"]
[EventType "swiss"]
[EventCountry "ITA"]
[SourceTitle "playchess.com"]
[Source "ChessBase"]
[SourceQuality "1"]
[TimeControl "40/5400+30:1800+30"]

1. e4 e5 2. Nf3 Nc6 3. Bb5 a6 4. Ba4 Nf6 5. O-O Be7 6. Re1 b5 7. Bb3 d6 8. c3 O-O 9. h3 Re8 10. d4 h6 11. Nbd2 Bd7 12. Nf1 a5 13. g4 a4 14. Bc2 Bf8 15. Ng3 g6 16. Kg2 Nh7 17. Be3 a3 18. b3 exd4 19. Nxd4 Nxd4 20. cxd4 Qh4 21. f3 Bg7 22. Qd2 Nf8 23. Rad1 Red8 24. Qe2 Rac8 25. b4 c5 26. bxc5 dxc5 27. d5 Qf6 28. Rb1 Qd6 29. f4 c4 30. Bd2 Bb2 31. Qf3 b4 32. f5 b3 33. axb3 c3 34. Bxh6 a2 35. Ra1 Bxa1 36. Rxa1 gxf5 37. Bf4 fxg4 38. hxg4 Qg6 39. g5 Nh7 40. Qe3 Ra8 41. Bd3 Be6 42. dxe6 fxe6 43. Nf5 Rxd3 44. Qxd3 Qh5 45. Nh6+ Kg7 46. Qd7+ Kg6 47. Qf7# 1-0

[Event "FIDE WYCC Top Boards Girls 2023"]
[Site "Montesilvano"]
[Date "2023.11.20"]
[Round "7.7"]
[White "Allahverdiyeva, Ayan"]
[Black "Hrebenshchykova, Yelyzaveta"]
[Result "1/2-1/2"]
[ECO "B48"]
[WhiteElo "2152"]
[BlackElo "2292"]
[Annotator "RC"]
[PlyCount "125"]
[EventDate "2023.11.13"]
[EventType "swiss"]
[EventCountry "ITA"]
[SourceTitle "playchess.com"]
[Source "ChessBase"]
[SourceQuality "1"]
[TimeControl "40/5400+30:1800+30"]

1. e4 c5 2. Nf3 e6 3. d4 cxd4 4. Nxd4 Nc6 5. Nc3 a6 6. Be3 Qc7 7. Qf3 Nf6 8. O-O-O Ne5 9. Qg3 b5 10. f4 Neg4 11. Bg1 h5 12. e5 b4 13. Na4 Nd5 14. h3 Nh6 15. Bd3 Bb7 16. f5 Be7 17. Be4 Rc8 18. fxe6 dxe6 19. Qxg7 Rg8 20. Nxe6 Rxg7 21. Nxc7+ Rxc7 22. Bxd5 Bxd5 23. Rxd5 Rxg2 24. Bc5 Nf5 25. Re1 Bxc5 26. Rxc5 Rxc5 27. Nxc5 a5 28. Ne4 Ke7 29. c4 a4 30. c5 a3 31. bxa3 bxa3 32. Nc3 Nd4 33. Re3 Ke6 34. Kd1 Rh2 35. Re4 Rxh3 36. Kd2 Rh2+ 37. Kd3 Nc6 38. Ne2 Nxe5+ 39. Kd4 f6 40. Nf4+ Kf5 41. Ne2 Ke6 42. Re3 Rh4+ 43. Kc3 Kd5 44. Kc2 Rh2 45. Kb3 Kxc5 46. Re4 Rh3+ 47. Nc3 Kd6 48. Ra4 f5 49. Ra6+ Nc6 50. Kc4 Rh4+ 51. Kd3 Kc5 52. Rxa3 Nb4+ 53. Kd2 f4 54. Ra5+ Kc4 55. Rf5 Rh2+ 56. Ne2 Nd5 57. Ke1 h4 58. Nxf4 Ne3 59. Re5 Kd4 60. Re8 Ng4 61. Ne2+ Kd3 62. Nf4+ Kd4 63. Ne2+ 1/2-1/2

[Event "FIDE WYCC Top Boards Girls 2023"]
[Site "Montesilvano"]
[Date "2023.11.20"]
[Round "7.8"]
[White "Trifoi, Mihaela-Ioana"]
[Black "Wu, Rochelle"]
[Result "0-1"]
[ECO "B51"]
[WhiteElo "2021"]
[BlackElo "2228"]
[Annotator "RC"]
[PlyCount "62"]
[EventDate "2023.11.13"]
[EventType "swiss"]
[EventCountry "ITA"]
[SourceTitle "playchess.com"]
[Source "ChessBase"]
[SourceQuality "1"]
[TimeControl "40/5400+30:1800+30"]

1. e4 c5 2. Nf3 d6 3. Bb5+ Nd7 4. O-O a6 5. Bd3 Ngf6 6. Re1 e6 7. a4 b6 8. c3 Bb7 9. Bc2 c4 10. Qe2 Qc7 11. d4 cxd3 12. Bxd3 Nc5 13. Nbd2 Nxd3 14. Qxd3 Be7 15. b4 O-O 16. Bb2 Rfd8 17. Nd4 Bf8 18. Rac1 e5 19. N4f3 d5 20. exd5 Nxd5 21. Qc4 Qxc4 22. Nxc4 f6 23. Rcd1 Rac8 24. Ne3 Nxe3 25. fxe3 Bc6 26. b5 axb5 27. axb5 Bxb5 28. Rd2 Rxd2 29. Nxd2 Rd8 30. Nf3 Bc5 31. Kf2 Rd3 0-1

[Event "FIDE WYCC Top Boards Girls 2023"]
[Site "Montesilvano"]
[Date "2023.11.20"]
[Round "7.9"]
[White "Nurmanova, Alua"]
[Black "Wang, Chuqiao"]
[Result "0-1"]
[ECO "C77"]
[WhiteElo "2367"]
[BlackElo "2215"]
[Annotator "RC"]
[PlyCount "78"]
[EventDate "2023.11.13"]
[EventType "swiss"]
[EventCountry "ITA"]
[SourceTitle "playchess.com"]
[Source "ChessBase"]
[SourceQuality "1"]
[TimeControl "40/5400+30:1800+30"]

1. e4 e5 2. Nf3 Nc6 3. Bb5 a6 4. Ba4 Nf6 5. Nc3 b5 6. Bb3 Bc5 7. a4 b4 8. Nd5 d6 9. Nxf6+ Qxf6 10. Bd5 Bb7 11. c3 bxc3 12. bxc3 Na5 13. Bxb7 Nxb7 14. a5 O-O 15. O-O Qe7 16. Qa4 Qe8 17. Qc2 Qc6 18. d3 Bb4 19. Ra4 Bxa5 20. Qa2 Bb6 21. d4 exd4 22. cxd4 Rfe8 23. Ng5 Re7 24. Be3 h6 25. Rc1 Qe8 26. Rxa6 Rxa6 27. Qxa6 hxg5 28. Qxb7 Rxe4 29. Ra1 Qe6 30. h3 Kh7 31. Qb8 g4 32. hxg4 Rxe3 33. fxe3 Qxe3+ 34. Kh2 Bxd4 35. Qb1+ g6 36. Ra4 Be5+ 37. Kh1 c5 38. Re4 Qh6+ 39. Kg1 Bd4+ 0-1

[Event "FIDE WYCC Top Boards Girls 2023"]
[Site "Montesilvano"]
[Date "2023.11.20"]
[Round "7.10"]
[White "Shvedova, Alexandra"]
[Black "Trunz, Michelle"]
[Result "1-0"]
[ECO "B90"]
[WhiteElo "2170"]
[BlackElo "1997"]
[Annotator "RC"]
[PlyCount "89"]
[EventDate "2023.11.13"]
[EventType "swiss"]
[EventCountry "ITA"]
[SourceTitle "playchess.com"]
[Source "ChessBase"]
[SourceQuality "1"]
[TimeControl "40/5400+30:1800+30"]

1. e4 c5 2. Nf3 Nf6 3. Nc3 d6 4. d4 cxd4 5. Nxd4 a6 6. f3 e5 7. Nb3 Be7 8. Be3 Be6 9. Qd2 h5 10. Nd5 Nxd5 11. exd5 Bf5 12. Bd3 Bxd3 13. Qxd3 Nd7 14. Qd2 b6 15. c4 a5 16. Rc1 Nc5 17. Na1 Qd7 18. O-O Qf5 19. b3 Qg6 20. a3 f5 21. Qc2 h4 22. b4 axb4 23. axb4 Nd7 24. Nb3 h3 25. g3 O-O 26. Rcd1 Qh5 27. Kh1 Rf6 28. f4 Rff8 29. fxe5 dxe5 30. c5 bxc5 31. bxc5 Qg4 32. d6 Bd8 33. Nd2 f4 34. Qc4+ Kh8 35. c6 Bb6 36. Bxb6 Nxb6 37. Qe4 Ra4 38. Qxe5 Qc8 39. Qh5+ Kg8 40. Qf3 Qe6 41. Qb3 Qxb3 42. Nxb3 Rc4 43. d7 Rd8 44. Na5 Rc5 45. Nb7 1-0

[Event "FIDE WYCC Top Boards Girls 2023"]
[Site "Montesilvano"]
[Date "2023.11.20"]
[Round "7.11"]
[White "Kirtadze, Anastasia"]
[Black "Shukhman, Anna"]
[Result "*"]
[ECO "B76"]
[WhiteElo "1921"]
[BlackElo "2263"]
[Annotator "RC"]
[PlyCount "71"]
[EventDate "2023.11.13"]
[EventType "swiss"]
[EventCountry "ITA"]
[SourceTitle "playchess.com"]
[Source "ChessBase"]
[SourceQuality "1"]
[TimeControl "40/5400+30:1800+30"]

1. e4 c5 2. Nf3 d6 3. d4 cxd4 4. Nxd4 Nf6 5. Nc3 g6 6. Be3 Bg7 7. f3 Nc6 8. Qd2 O-O 9. O-O-O d5 10. exd5 Nxd5 11. Nxc6 bxc6 12. Bd4 Bxd4 13. Qxd4 Qb6 14. Na4 Qc7 15. Bc4 Rb8 16. a3 Rd8 17. g4 Be6 18. Nc5 Nf4 19. Nxe6 Rxd4 20. Nxc7 Rxc4 21. Rhe1 e6 22. Rd7 g5 23. c3 Ng6 24. Na6 Rb5 25. Rxa7 Rf4 26. Nb4 c5 27. a4 Rb6 28. Nd3 Rxf3 29. a5 Rb5 30. Rd1 e5 31. c4 Rb8 32. a6 e4 33. Rb7 Ra8 34. Nxc5 e3 35. a7 Kg7 36. Ne6+ *

[Event "FIDE WYCC Top Boards Girls 2023"]
[Site "Montesilvano"]
[Date "2023.11.20"]
[Round "7.12"]
[White "Khamdamova, Afruza"]
[Black "Goriachkina, Oksana"]
[Result "1-0"]
[ECO "C03"]
[WhiteElo "2199"]
[BlackElo "1915"]
[Annotator "RC"]
[PlyCount "111"]
[EventDate "2023.11.13"]
[EventType "swiss"]
[EventCountry "ITA"]
[SourceTitle "playchess.com"]
[Source "ChessBase"]
[SourceQuality "1"]
[TimeControl "40/5400+30:1800+30"]

1. e4 e6 2. d4 d5 3. Nd2 Be7 4. Ngf3 c5 5. exd5 Qxd5 6. Bc4 Qh5 7. dxc5 Nf6 8. b4 a5 9. c3 axb4 10. cxb4 Nd5 11. Bxd5 Qxd5 12. Bb2 Rxa2 13. Rxa2 Qxa2 14. Bxg7 Rg8 15. Be5 Nc6 16. O-O Nxe5 17. Nxe5 Qd5 18. Nef3 Bd7 19. Qe2 Rg4 20. Rb1 f6 21. h3 Rg7 22. Ne4 Qf5 23. Ra1 Qf4 24. Ra8+ Kf7 25. Nfd2 Qh6 26. Kh2 f5 27. Nd6+ Bxd6+ 28. cxd6 Qf4+ 29. g3 Qxd6 30. Nc4 Qd4 31. Ne5+ Ke7 32. Nxd7 Kxd7 33. Ra3 Ke7 34. Rd3 Qf6 35. Qd2 Kf7 36. h4 h6 37. Rd6 Kg6 38. Qe2 Re7 39. b5 Kg7 40. b6 Kf7 41. Qd2 Qe5 42. Rd8 Kg7 43. Rc8 Kg6 44. Rg8+ Rg7 45. Rh8 f4 46. g4 Qf6 47. Kh3 Kf7 48. Qd7+ Kg6 49. Qd3+ Kf7 50. Rb8 Qe7 51. Qf3 Qd6 52. Rxb7+ Kg8 53. Rxg7+ Kxg7 54. Qc3+ Kg6 55. h5+ Kf7 56. Qc7+ 1-0

[Event "FIDE WYCC Top Boards Girls 2023"]
[Site "Montesilvano"]
[Date "2023.11.21"]
[Round "8.7"]
[White "Wu, Rochelle"]
[Black "Wikar, Martyna"]
[Result "1-0"]
[ECO "E43"]
[WhiteElo "2228"]
[BlackElo "2228"]
[Annotator "RC"]
[PlyCount "115"]
[EventDate "2023.11.13"]
[EventType "swiss"]
[EventCountry "ITA"]
[SourceTitle "playchess.com"]
[Source "ChessBase"]
[SourceQuality "1"]
[TimeControl "40/5400+30:1800+30"]

1. d4 Nf6 2. c4 e6 3. Nc3 Bb4 4. e3 b6 5. Bd2 Bb7 6. Nge2 O-O 7. f3 Re8 8. e4 d5 9. e5 Nfd7 10. cxd5 exd5 11. f4 Nf8 12. g3 f5 13. Bg2 Qd7 14. Qb3 Bxc3 15. Nxc3 Rd8 16. Be3 Na6 17. O-O g6 18. g4 Ne6 19. gxf5 gxf5 20. Rad1 Kh8 21. Ne2 c5 22. Bf2 Rf8 23. Bh4 Nac7 24. dxc5 bxc5 25. Rf2 Bc6 26. Qc2 Ne8 27. Ng3 Qf7 28. Bh3 Qg7 29. Bxf5 Qh6 30. Bxe6 Qxe6 31. Qxc5 Ng7 32. Bf6 Rxf6 33. exf6 Qxf6 34. Qd4 Qxd4 35. Rxd4 Ne6 36. Rd1 d4 37. Re1 Bd5 38. b3 Rd8 39. Kf1 d3 40. Rd1 Bb7 41. f5 Ng5 42. f6 Nf3 43. f7 Kg7 44. Nf5+ Kf8 45. Rg2 Kxf7 46. Rg7+ Kf6 47. Rxb7 Kxf5 48. Rxh7 a6 49. Kf2 Ne5 50. Ke3 Ng4+ 51. Kd2 Rd6 52. Rf1+ Kg6 53. Rh3 Ne5 54. Rg3+ Kh6 55. Rf5 Rd5 56. Rf8 Kh7 57. Rf4 Ng6 58. Rf7+ 1-0

[Event "FIDE WYCC Top Boards Girls 2023"]
[Site "Montesilvano"]
[Date "2023.11.21"]
[Round "8.8"]
[White "Balabayeva, Xeniya"]
[Black "Allahverdiyeva, Ayan"]
[Result "1/2-1/2"]
[ECO "B52"]
[WhiteElo "2192"]
[BlackElo "2152"]
[Annotator "RC"]
[PlyCount "74"]
[EventDate "2023.11.13"]
[EventType "swiss"]
[EventCountry "ITA"]
[SourceTitle "playchess.com"]
[Source "ChessBase"]
[SourceQuality "1"]
[TimeControl "40/5400+30:1800+30"]

1. e4 c5 2. Nf3 d6 3. Bb5+ Bd7 4. Bxd7+ Qxd7 5. O-O Nf6 6. Re1 Nc6 7. c3 e6 8. d4 cxd4 9. cxd4 d5 10. e5 Ne4 11. a3 Be7 12. Nbd2 Nxd2 13. Bxd2 O-O 14. Rc1 h6 15. Rc3 f5 16. exf6 Rxf6 17. Ne5 Nxe5 18. dxe5 Rf7 19. Qg4 Kh7 20. Rec1 Bd8 21. Be3 Rf5 22. Bd4 a5 23. b3 Qe7 24. a4 Qb4 25. Qd1 Bb6 26. Bxb6 Qxb6 27. Qc2 Kg8 28. Re3 d4 29. Re2 Rd8 30. Qd3 Rd5 31. Rc8+ Rf8 32. Rc4 Rc5 33. h3 Rxc4 34. Qxc4 Rd8 35. Rd2 Rd5 36. Qc8+ Kh7 37. Qc2+ Kg8 1/2-1/2

[Event "FIDE WYCC Top Boards Girls 2023"]
[Site "Montesilvano"]
[Date "2023.11.21"]
[Round "8.9"]
[White "Wang, Chuqiao"]
[Black "Tokarz, Izabela"]
[Result "1-0"]
[ECO "D91"]
[WhiteElo "2215"]
[BlackElo "1931"]
[Annotator "RC"]
[PlyCount "99"]
[EventDate "2023.11.13"]
[EventType "swiss"]
[EventCountry "ITA"]
[SourceTitle "playchess.com"]
[Source "ChessBase"]
[SourceQuality "1"]
[TimeControl "40/5400+30:1800+30"]

1. d4 Nf6 2. c4 g6 3. Nc3 d5 4. Nf3 Bg7 5. Bg5 Ne4 6. Bf4 Nxc3 7. bxc3 dxc4 8. Qa4+ c6 9. Qxc4 Qa5 10. e3 Be6 11. Qd3 O-O 12. Be2 b5 13. Nd2 Nd7 14. O-O Rfd8 15. Qc2 Rac8 16. a4 Qb6 17. a5 Qa6 18. Qb2 Nb8 19. Ne4 Nd7 20. Rfc1 Bc4 21. Rd1 h6 22. h4 f5 23. Bxc4+ bxc4 24. Nd2 c5 25. Nf3 cxd4 26. exd4 Nf6 27. Rdb1 Nd5 28. Bd2 Qd6 29. Qc2 Rc7 30. h5 Rf8 31. hxg6 Qxg6 32. a6 Rc6 33. Rb5 Qd6 34. Raa5 e6 35. Qc1 Kh7 36. Rb7 f4 37. Rxa7 Qd8 38. Rb5 Qd6 39. Rbb7 Rc7 40. Qb1+ Kg8 41. Qb5 Bf6 42. Rxc7 Nxc7 43. Qxc4 Rf7 44. Qb4 Qc6 45. Qb8+ Kg7 46. Bxf4 Nxa6 47. Rxf7+ Kxf7 48. Qb1 Kg7 49. Ne5 Bxe5 50. Bxe5+ 1-0